| TOP OF THE 1ST |
|
Washington Nationals batting - Pitching for San Diego Padres : RHP Adam Thompson
|
|
Pitching: RHP Adam Thompson
|
|
|
Batting: SHB Andrew Wray II
|
0-0: Ball 1-0: DOUBLE (Groundball, 5L, EV 95.6 MPH)
|
|
Batting: RHB C.J. Beavers
|
0-0: Ground out 3-1 (Groundball, 34, EV 79.4 MPH) Andrew Wray II to third
|
|
Batting: LHB Yasahiko Teshima
|
0-0: Ball 1-0: Called Strike 1-1: Ball 2-1: Swinging Strike 2-2: Ball 3-2: Strikes out looking
|
|
Batting: RHB John Sanders
|
0-0: Ground out 4-3 (Groundball, 4, EV 101.9 MPH)
|
| Top of the 1st over - 0 runs, 1 hit, 0 errors, 1 left on base; Washington 0 - San Diego 0 |
| BOTTOM OF THE 1ST |
|
San Diego Padres batting - Pitching for Washington Nationals : RHP Danny Diaz
|
|
Pitching: RHP Danny Diaz
|
|
|
Batting: LHB Per Meulengracht
|
0-0: Ball 1-0: Swinging Strike 1-1: Foul Ball, location: 2F 1-2: Ball 2-2: Ground out U3 (Groundball, 34S, EV 86.3 MPH)
|
|
Batting: RHB Bobby Ayala
|
0-0: Called Strike 0-1: Ground out 6-3 (Groundball, 6, EV 100.6 MPH)
|
|
Batting: LHB Mike Holt
|
0-0: Swinging Strike 0-1: Ball 1-1: Swinging Strike 1-2: Strikes out looking
|
| Bottom of the 1st over - 0 runs, 0 hits, 0 errors, 0 left on base; Washington 0 - San Diego 0 |
| TOP OF THE 2ND |
|
Washington Nationals batting - Pitching for San Diego Padres : RHP Adam Thompson
|
|
Batting: RHB Luis Torres
|
0-0: Ball 1-0: SINGLE (Line Drive, 8LS, EV 109.4 MPH)
|
|
Batting: RHB Tommy Baird
|
0-0: Called Strike 0-1: Ball 1-1: SINGLE (Groundball, 13, EV 87.5 MPH) (infield hit) Luis Torres to second
|
|
Batting: RHB Mike Blair
|
0-0: Called Strike 0-1: Swinging Strike 0-2: Foul Ball, location: 2F 0-2: Ball 1-2: Ball 2-2: Foul Ball, location: 2F 2-2: Grounds into double play, 6-4-3 (Groundball, 6, EV 85.6 MPH) Luis Torres to third
|
|
Batting: RHB Dan Fallon
|
0-0: Called Strike 0-1: SINGLE (Groundball, 34S, EV 68.1 MPH) (infield hit) Luis Torres scores
|
|
Batting: RHB Masashi Yukizawa
|
0-0: Called Strike 0-1: Ball 1-1: Foul Ball, location: 2F 1-2: Strikes out swinging
|
| Top of the 2nd over - 1 run, 3 hits, 0 errors, 1 left on base; Washington 1 - San Diego 0 |
| BOTTOM OF THE 2ND |
|
San Diego Padres batting - Pitching for Washington Nationals : RHP Danny Diaz
|
|
Batting: RHB Cesar Breceda
|
0-0: Fly out, F7 (Flyball, 7, EV 78.1 MPH)
|
|
Batting: LHB Aaron LeBlanc
|
0-0: Called Strike 0-1: Ball 1-1: Ball 2-1: Ball 3-1: DOUBLE (Line Drive, 8RXD, EV 109.4 MPH)
|
|
Batting: LHB Andy Bowman
|
0-0: Fly out, F8 (Flyball, 78D, EV 101.3 MPH)
|
|
Batting: RHB Chiel Palstermans
|
0-0: Called Strike 0-1: Ball 1-1: Called Strike 1-2: Foul Ball, location: 2F 1-2: Ball 2-2: SINGLE (Groundball, 4M, EV 96.3 MPH) Aaron LeBlanc to third Runner from 3rd tries for Home, SAFE, throw by CF to home
|
|
Batting: RHB Alois Wollf
|
0-0: Ball Chiel Palstermans steals 2nd base 1-0: Foul Ball, location: 2F 1-1: 2-RUN HOME RUN (Flyball, 78XD, EV 106.9 MPH), Distance : 413 ft
|
|
Batting: RHB Alberto Cotto
|
0-0: Ground out 2-3 (Groundball, 2R, EV 66.3 MPH)
|
| Bottom of the 2nd over - 3 runs, 3 hits, 0 errors, 0 left on base; Washington 1 - San Diego 3 |
| TOP OF THE 3RD |
|
Washington Nationals batting - Pitching for San Diego Padres : RHP Adam Thompson
|
|
Batting: SHB Andrew Wray II
|
0-0: Called Strike 0-1: Foul Ball, location: 2F 0-2: Ball 1-2: Ball 2-2: Strikes out swinging
|
|
Batting: RHB C.J. Beavers
|
0-0: SINGLE (Groundball, 4S, EV 66.9 MPH) (infield hit)
|
|
Batting: LHB Yasahiko Teshima
|
0-0: Foul Ball, location: 2F 0-1: Ball 1-1: Foul Ball, location: 2F 1-2: Strikes out looking
|
|
Batting: RHB John Sanders
|
0-0: Foul Ball, location: 2F 0-1: Fly out, F7 (Flyball, 7, EV 92.5 MPH)
|
| Top of the 3rd over - 0 runs, 1 hit, 0 errors, 1 left on base; Washington 1 - San Diego 3 |
| BOTTOM OF THE 3RD |
|
San Diego Padres batting - Pitching for Washington Nationals : RHP Danny Diaz
|
|
Batting: LHB Per Meulengracht
|
0-0: Ball 1-0: DOUBLE (Line Drive, 89M, EV 100.0 MPH)
|
|
Batting: RHB Bobby Ayala
|
0-0: Called Strike 0-1: Ball 1-1: Ball 2-1: Called Strike 2-2: Foul Ball, location: 2F 2-2: Ball 3-2: Ground out 2-3 (Groundball, 13S, EV 69.4 MPH) Per Meulengracht to third
|
|
Batting: LHB Mike Holt
|
0-0: Called Strike 0-1: Swinging Strike 0-2: Ball 1-2: Ball 2-2: Foul Ball, location: 2F 2-2: Strikes out looking
|
|
Batting: RHB Cesar Breceda
|
0-0: Ball 1-0: Foul Ball, location: 2F 1-1: Ball 2-1: Fly out, F7 (Flyball, 7S, EV 87.5 MPH)
|
| Bottom of the 3rd over - 0 runs, 1 hit, 0 errors, 1 left on base; Washington 1 - San Diego 3 |
| TOP OF THE 4TH |
|
Washington Nationals batting - Pitching for San Diego Padres : RHP Adam Thompson
|
|
Batting: RHB Luis Torres
|
0-0: Called Strike 0-1: Called Strike 0-2: Foul Ball, location: 2F 0-2: Ball 1-2: Foul Ball, location: 2F 1-2: Ball 2-2: Foul Ball, location: 2F 2-2: Foul Ball, location: 2F 2-2: Ball 3-2: Ground out 4-3 (Groundball, 4, EV 84.4 MPH)
|
|
Batting: RHB Tommy Baird
|
0-0: Called Strike 0-1: Ball 1-1: Ball 2-1: Fly out, F8 (Flyball, 8LXD, EV 106.9 MPH)
|
|
Batting: RHB Mike Blair
|
0-0: Fly out, F8 (Flyball, 89S, EV 88.1 MPH)
|
| Top of the 4th over - 0 runs, 0 hits, 0 errors, 0 left on base; Washington 1 - San Diego 3 |
| BOTTOM OF THE 4TH |
|
San Diego Padres batting - Pitching for Washington Nationals : RHP Danny Diaz
|
|
Batting: LHB Aaron LeBlanc
|
0-0: Ball 1-0: Ball 2-0: Foul Ball, location: 2F 2-1: Ball 3-1: Ground out 6-3 (Groundball, 4, EV 98.1 MPH)
|
|
Batting: LHB Andy Bowman
|
0-0: Called Strike 0-1: Ball 1-1: Ball 2-1: Foul Ball, location: 2F 2-2: Ball 3-2: Base on Balls
|
|
Batting: RHB Chiel Palstermans
|
0-0: Called Strike 0-1: Called Strike 0-2: Ball 1-2: Ball 2-2: Ball 3-2: Foul Ball, location: 2F 3-2: Fly out, F9 (Line Drive, 9S, EV 93.1 MPH)
|
|
Batting: RHB Alois Wollf
|
0-0: Called Strike 0-1: Ball Andy Bowman is caught stealing 2nd base 2-4
|
| Bottom of the 4th over - 0 runs, 0 hits, 0 errors, 0 left on base; Washington 1 - San Diego 3 |
| TOP OF THE 5TH |
|
Washington Nationals batting - Pitching for San Diego Padres : RHP Adam Thompson
|
|
Batting: RHB Dan Fallon
|
0-0: Called Strike 0-1: Ball 1-1: Swinging Strike 1-2: Strikes out swinging
|
|
Batting: RHB Masashi Yukizawa
|
0-0: Ball 1-0: Ball 2-0: Reached on error, E3 (Flyball, 3D, EV 87.5 MPH)
|
|
Batting: SHB Andrew Wray II
|
0-0: Ball 1-0: Called Strike Masashi Yukizawa steals 2nd base (no throw) 1-1: Hit by Pitch
|
|
Batting: RHB C.J. Beavers
|
0-0: Called Strike Masashi Yukizawa steals 3rd base 0-1: Ball 1-1: Swinging Strike 1-2: Ball 2-2: Ball Andrew Wray II steals 2nd base 3-2: Foul Ball, location: 2F 3-2: Fly out, F6 (Flyball, 56D, EV 87.5 MPH)
|
|
Batting: LHB Yasahiko Teshima
|
0-0: Foul Ball, location: 2F 0-1: Ground out 4-3 (Groundball, 4, EV 102.5 MPH)
|
| Top of the 5th over - 0 runs, 0 hits, 1 error, 2 left on base; Washington 1 - San Diego 3 |
| BOTTOM OF THE 5TH |
|
San Diego Padres batting - Pitching for Washington Nationals : RHP Danny Diaz
|
|
Batting: RHB Alois Wollf
|
0-0: Called Strike 0-1: Ball 1-1: Foul Ball, location: 2F 1-2: Fly out, F7 (Flyball, 7, EV 91.9 MPH)
|
|
Batting: RHB Alberto Cotto
|
0-0: Called Strike 0-1: Ball 1-1: Ground out 1-3 (Groundball, P, EV 73.8 MPH)
|
|
Batting: LHB Per Meulengracht
|
0-0: Swinging Strike 0-1: Ball 1-1: Foul Ball, location: 2F 1-2: Strikes out swinging
|
| Bottom of the 5th over - 0 runs, 0 hits, 0 errors, 0 left on base; Washington 1 - San Diego 3 |
| TOP OF THE 6TH |
|
Washington Nationals batting - Pitching for San Diego Padres : RHP Adam Thompson
|
|
Batting: RHB John Sanders
|
0-0: Ball 1-0: Ball 2-0: Ball 3-0: Called Strike 3-1: SINGLE (Line Drive, 8LS, EV 100.0 MPH)
|
|
Batting: RHB Luis Torres
|
0-0: Ball 1-0: Swinging Strike 1-1: Grounds into double play, 4-6-3 (Groundball, 4, EV 81.9 MPH)
|
|
Batting: RHB Tommy Baird
|
0-0: Ground out 6-3 (Groundball, 6, EV 91.9 MPH)
|
| Top of the 6th over - 0 runs, 1 hit, 0 errors, 0 left on base; Washington 1 - San Diego 3 |
| BOTTOM OF THE 6TH |
|
San Diego Padres batting - Pitching for Washington Nationals : RHP Danny Diaz
|
|
Batting: RHB Bobby Ayala
|
0-0: Ball 1-0: Called Strike 1-1: Foul Ball, location: 2F 1-2: Foul Ball, location: 2F 1-2: Strikes out swinging
|
|
Batting: LHB Mike Holt
|
0-0: Called Strike 0-1: Swinging Strike 0-2: Ball 1-2: Strikes out swinging
|
|
Batting: RHB Cesar Breceda
|
0-0: Fly out, F9 (Flyball, 89S, EV 83.8 MPH)
|
| Bottom of the 6th over - 0 runs, 0 hits, 0 errors, 0 left on base; Washington 1 - San Diego 3 |
| TOP OF THE 7TH |
|
Washington Nationals batting - Pitching for San Diego Padres : RHP Adam Thompson
|
|
Batting: RHB Mike Blair
|
0-0: Called Strike 0-1: Ball 1-1: Foul Ball, location: 2F 1-2: Strikes out swinging
|
|
Batting: RHB Dan Fallon
|
0-0: Called Strike 0-1: Ball 1-1: Ball 2-1: Ground out 6-3 (Groundball, 6M, EV 94.4 MPH)
|
|
Batting: RHB Masashi Yukizawa
|
0-0: Foul Ball, location: 2F 0-1: Ball 1-1: SINGLE (Line Drive, 3D, EV 96.3 MPH)
|
|
Pitching: RHP Raul Almonte
|
|
|
Batting: SHB Andrew Wray II
|
0-0: Ball 1-0: Swinging Strike 1-1: Ball 2-1: Ground out 4-3 (Groundball, 4, EV 105.6 MPH)
|
| Top of the 7th over - 0 runs, 1 hit, 0 errors, 1 left on base; Washington 1 - San Diego 3 |
| BOTTOM OF THE 7TH |
|
San Diego Padres batting - Pitching for Washington Nationals : RHP Danny Diaz
|
|
Batting: LHB Aaron LeBlanc
|
0-0: Foul Ball, location: 2F 0-1: Ball 1-1: Swinging Strike 1-2: Ball 2-2: Foul Ball, location: 2F 2-2: Ball 3-2: Base on Balls
|
|
Pitching: LHP Jake Richards
|
|
|
Batting: LHB Andy Bowman
|
0-0: Called Strike 0-1: Foul Ball, location: 2F 0-2: Strikes out swinging
|
|
Pitching: RHP David Krampe
|
|
|
Batting: RHB Chiel Palstermans
|
0-0: Ball 1-0: Swinging Strike 1-1: Swinging Strike 1-2: Ball 2-2: Ball 3-2: Strikes out looking
|
|
Batting: RHB Alois Wollf
|
0-0: Ball 1-0: Called Strike Aaron LeBlanc steals 2nd base (no throw) 1-1: Ball 2-1: Foul Ball, location: 2F 2-2: Strikes out swinging
|
| Bottom of the 7th over - 0 runs, 0 hits, 0 errors, 1 left on base; Washington 1 - San Diego 3 |
| TOP OF THE 8TH |
|
Washington Nationals batting - Pitching for San Diego Padres : RHP Raul Almonte
|
|
Batting: RHB C.J. Beavers
|
0-0: Ball 1-0: Ball 2-0: Ball 3-0: Called Strike 3-1: Called Strike 3-2: SINGLE (Groundball, 56S, EV 65.0 MPH) (infield hit)
|
|
Batting: LHB Yasahiko Teshima
|
0-0: Ball 1-0: Foul Ball, location: 2F 1-1: Called Strike 1-2: Ball 2-2: Foul Ball, location: 2F 2-2: Strikes out looking
|
|
Pinch Hitting: LHB Armando Carbajal
|
Pickoff Throw to First - Out! 1-3 0-0: Fly out, F6 (Popup, 6, EV 66.9 MPH)
|
| Top of the 8th over - 0 runs, 1 hit, 0 errors, 0 left on base; Washington 1 - San Diego 3 |
| BOTTOM OF THE 8TH |
|
San Diego Padres batting - Pitching for Washington Nationals : RHP David Krampe
|
|
Now at 2B: Masashi Yukizawa
|
|
|
Now at 3B: Armando Carbajal
|
|
|
Batting: RHB Alberto Cotto
|
0-0: Ball 1-0: Fly out, F4 (Popup, 4D, EV 50.0 MPH)
|
|
Batting: LHB Per Meulengracht
|
0-0: Foul Ball, location: 2F 0-1: Ball 1-1: Ball 2-1: Swinging Strike 2-2: Ball 3-2: Foul Ball, location: 2F 3-2: Foul Ball, location: 2F 3-2: Ground out 3-1 (Groundball, 34S, EV 88.1 MPH)
|
|
Batting: RHB Bobby Ayala
|
0-0: Swinging Strike 0-1: Called Strike 0-2: Foul Ball, location: 2F 0-2: Ball 1-2: DOUBLE (Line Drive, 78M, EV 106.9 MPH)
|
|
Batting: LHB Mike Holt
|
0-0: Intentional Walk
|
|
Batting: RHB Cesar Breceda
|
0-0: Ball 1-0: Ball 2-0: Ball 3-0: Foul Ball, location: 2F 3-1: Foul Ball, location: 2F 3-2: Ground out 6-3 (Groundball, 56, EV 85.0 MPH)
|
| Bottom of the 8th over - 0 runs, 1 hit, 0 errors, 2 left on base; Washington 1 - San Diego 3 |
| TOP OF THE 9TH |
|
Washington Nationals batting - Pitching for San Diego Padres : RHP Raul Almonte
|
|
Pitching: LHP Tommy Hall
|
|
|
Batting: RHB Luis Torres
|
0-0: Ball 1-0: Ball 2-0: SINGLE (Groundball, 6M, EV 108.1 MPH) (infield hit)
|
|
Batting: RHB Tommy Baird
|
0-0: Ball 1-0: Called Strike 1-1: Ball 2-1: Called Strike 2-2: Strikes out swinging
|
|
Batting: RHB Mike Blair
|
0-0: Swinging Strike 0-1: Ball 1-1: Foul Ball, location: 2F 1-2: Foul Ball, location: 2F 1-2: Ball 2-2: SINGLE (Groundball, 56D, EV 100.0 MPH) Luis Torres to second
|
|
Batting: RHB Dan Fallon
|
0-0: Foul Ball, location: 2F 0-1: Foul Ball, location: 2F 0-2: Ball 1-2: Grounds into double play, 4-6-3 (Groundball, 4M, EV 88.1 MPH)
|
| Top of the 9th over - 0 runs, 2 hits, 0 errors, 1 left on base; Washington 1 - San Diego 3 |
|